cohdb
Replays
Latest Replays
All Replays
Popular Replays
Top Player Replays
Match Explorer
How It Works
Community
CoH3 Stats
Reddit
Sign in to upload your games and track your stats! →
Sign in with Steam
Match 35647464
Unlisted
Match 35647464
Overview
Messages
Build Orders
End
Panzerpioneer Squad
Panzergrenadier Squad
250 Light Carrier
Construct Light Support Kompanie
MG34 Team
MG34 Team
Fire Support Elements
Assault Mechanized Group
Flakvierling Half-track
Panzerjäger Squad
MG34 Team
Selects Battlefield Espionage Battlegroup
Selects Intel Disruption Beacon
Selects Plunder
Selects Firestorm
Panzerpioneer Squad
Firestorm
Assault Mechanized Group
Selects 250/3 Funkpanzerwagen
Selects Anti-Tank Incendiary Munitions
Panzergrenadier Squad
Firestorm
Construct Panzerarmee Kommand
Pak 38 Mechanized Group
Panzer III L Medium Tank
Der Bären´JUDE
896268732
旧日支配者
Hunter
Mr.SciaticGrowth.TV
Field marshal Prince
0
0
Comments
sign in to comment!
No comments posted yet!